[Event "Titled Tuesday Blitz July 11 Late 2023"]
[White "Rozman, Levy"]
[Black "Deng, Henry"]
[WhiteFideId "2039877"]
[BlackFideId "30965454"]
[WhiteElo "2760"]
[BlackElo "2497"]
[Result "0-1"]
[Round "3"]
[TimeControl "180+2"]
[Date "2023.07.11"]
[WhiteClock "0:00:07"]
[BlackClock "0:00:16"]
[Board "67"]

1. d4 d5 2. Bf4 c5 3. e4 dxe4 4. dxc5 Qxd1+ 5. Kxd1 Nc6 6. Nc3 Bg4+ 7. Nge2 O-O-O+ 8. Kc1 e5 9. Be3 f5 10. g3 Nf6 11. a3 Bf3 12. Rg1 Ng4 13. b4 Nxe3 14. fxe3 g6 15. Kb2 Bh6 16. Nd1 Rd2 17. Nec3 Rhd8 18. Bc4 Rxh2 19. Kb3 Rhd2 20. Re1 Rg2 21. Nb2 Rxg3 22. Be6+ Kb8 23. Nc4 Bg4 24. b5 Nd4+ 25. exd4 exd4 26. Rxe4 Rxc3+ 27. Kb4 fxe4 28. Bxg4 Rxc2 29. Rf1 Bd2+ 30. Nxd2 Rxd2 31. c6 bxc6 32. bxc6 Rb2+ 33. Kc5 Rc2+ 34. Kb5 d3 35. Rf7 Rd5+ 36. Kb4 d2 37. Rb7+ Ka8 38. Rd7 Rxd7 39. cxd7 d1=Q 40. Bxd1 Rd2 41. Bg4 e3 42. Kc3 Rd6 43. Kc4 h5 44. Kc5 Rd2 45. Be6 Kb8 46. Kc6 e2 47. Bd5 Rxd5 48. Kxd5 Kc7 0-1


[Site "https://www.chess.com"]

[Event "Titled Tuesday Blitz July 11 Late 2023"]
[White "Merino Garcia, Rafael II"]
[Black "Priasmoro, Novendra"]
[WhiteFideId "2209128"]
[BlackFideId "7105029"]
[WhiteElo "2496"]
[BlackElo "2755"]
[Result "0-1"]
[Round "3"]
[TimeControl "180+2"]
[Date "2023.07.11"]
[WhiteClock "0:00:12"]
[BlackClock "0:00:20"]
[Board "68"]

1. d4 d5 2. Nf3 Nf6 3. g3 e6 4. Bg2 Be7 5. O-O O-O 6. c4 dxc4 7. Qc2 a6 8. a4 Bd7 9. Bg5 Bc6 10. Qxc4 Nbd7 11. Nc3 a5 12. Qd3 h6 13. Bxf6 Nxf6 14. e4 Bb4 15. Ne5 Be8 16. Rfd1 Qe7 17. b3 Rd8 18. Qc4 Nd7 19. Qxc7 Bd6 20. Qxb7 Rb8 21. Qa7 Nxe5 22. Qxe7 Bxe7 23. dxe5 Rxb3 24. Nb5 Bxb5 25. axb5 Rxb5 26. Rd7 Bc5 27. Rd2 Ra8 28. Bf1 Rb4 29. Rda2 a4 30. Rc1 Bb6 31. Rc4 Rxc4 32. Bxc4 a3 33. Kg2 Ra4 34. Bd3 Bc5 35. f4 Rd4 36. Bb1 Rd1 37. Bc2 Rd2+ 38. Kf3 Bd4 39. Bb3 Rd3+ 40. Kg4 Rxb3 0-1


[Site "https://www.chess.com"]

[Event "Titled Tuesday Blitz July 11 Late 2023"]
[White "Fantastic_Power"]
[Black "Liu, Casper"]
[BlackFideId "1454153"]
[WhiteElo "2744"]
[BlackElo "2494"]
[Result "1-0"]
[Round "3"]
[TimeControl "180+2"]
[Date "2023.07.11"]
[WhiteClock "0:01:05"]
[BlackClock "0:01:27"]
[Board "69"]

1. d4 d5 2. c4 e6 3. Nc3 Nf6 4. cxd5 exd5 5. Bg5 Be7 6. e3 O-O 7. Bd3 h6 8. Bh4 Nbd7 9. g4 c5 10. g5 hxg5 11. Bxg5 cxd4 12. exd4 Re8 13. Nge2 Nf8 14. Rg1 Qb6 15. Qd2 Bb4 16. Bxf6 Qxf6 17. Qg5 Qxd4 18. O-O-O Bxc3 19. Nxd4 Bxd4 20. Bc2 Bxf2 21. Qxg7# 1-0


[Site "https://www.chess.com"]

[Event "Titled Tuesday Blitz July 11 Late 2023"]
[White "Urbina Perez, Juan Antonio"]
[Black "Nasuta, Grzegorz"]
[WhiteFideId "2217368"]
[BlackFideId "1141686"]
[WhiteElo "2494"]
[BlackElo "2742"]
[Result "1-0"]
[Round "3"]
[TimeControl "180+2"]
[Date "2023.07.11"]
[WhiteClock "0:00:24"]
[BlackClock "0:00:00"]
[Board "70"]

1. e4 c5 2. Nf3 e6 3. c3 Nf6 4. e5 Nd5 5. g3 d6 6. exd6 Bxd6 7. Bg2 O-O 8. O-O Nc6 9. d4 b6 10. c4 Nde7 11. Nc3 cxd4 12. Nxd4 Bb7 13. Ncb5 Be5 14. Nxc6 Bxc6 15. Qe2 Bxg2 16. Kxg2 Nc6 17. Rd1 Qe7 18. Be3 Rfd8 19. Rxd8+ Rxd8 20. Rc1 a6 21. Nc3 Nd4 22. Bxd4 Bxd4 23. b3 Qb7+ 24. Qe4 Qxe4+ 25. Nxe4 Kf8 26. Rd1 Ke7 27. Kf1 h6 28. Ke2 f5 29. Nd2 Bf6 30. Nf3 Rc8 31. Nd4 g6 32. a4 e5 33. Nc2 b5 34. axb5 axb5 35. Ne3 bxc4 36. bxc4 Bg5 37. Nd5+ Ke6 38. f4 Bd8 39. fxe5 Kxe5 40. Kd3 Ra8 41. Re1+ Kd6 42. Kd4 Ra2 43. h3 Rd2+ 44. Ke3 Rg2 45. Kf3 Rc2 46. Nf4 g5 47. Rd1+ Ke7 48. Nd5+ Kf7 49. Ne3 1-0


[Site "https://www.chess.com"]

[Event "Titled Tuesday Blitz July 11 Late 2023"]
[White "Taboas Rodriguez, Daniel"]
[Black "Yanchenko, Roman"]
[WhiteFideId "2208466"]
[BlackFideId "4137329"]
[WhiteElo "2490"]
[BlackElo "2738"]
[Result "1/2-1/2"]
[Round "3"]
[TimeControl "180+2"]
[Date "2023.07.11"]
[WhiteClock "0:00:21"]
[BlackClock "0:00:46"]
[Board "71"]

1. d4 d5 2. Nf3 Nf6 3. c4 c6 4. cxd5 cxd5 5. Nc3 Nc6 6. Bf4 a6 7. Rc1 e6 8. e3 Bd6 9. Bg3 O-O 10. Bd3 h6 11. Ne5 Bxe5 12. dxe5 Nd7 13. f4 f5 14. exf6 Nxf6 15. O-O Bd7 16. e4 Be8 17. Bb1 Bh5 18. Qd2 Re8 19. e5 Nd7 20. Bf2 Nf8 21. Bc5 Ne7 22. Ne2 Bg6 23. Bxg6 Nfxg6 24. Nd4 Qd7 25. Bd6 Rac8 26. g3 Nc6 27. Nf3 Nge7 28. g4 d4 29. Nxd4 Nxd4 30. Qxd4 Nd5 31. f5 Rxc1 32. Rxc1 Rc8 33. Rxc8+ Qxc8 34. Qc5 Qxc5+ 35. Bxc5 Kf7 36. Kf2 h5 37. h3 Nf4 38. Kg3 Nd3 39. Bd4 hxg4 40. hxg4 Nc1 41. Kf4 Nxa2 42. Kg5 Nb4 43. fxe6+ Kxe6 44. Kg6 Nc6 45. Bc3 Nxe5+ 46. Bxe5 Kxe5 47. Kxg7 Kf4 48. Kf6 Kxg4 49. Ke5 Kf3 50. Kd6 Ke4 51. Kc7 b5 52. Kb6 b4 53. Kxa6 b3 54. Kb5 Kd5 55. Kb4 Kc6 56. Kc4 Kb6 57. Kb4 Ka6 58. Ka3 Ka5 59. Kxb3 Kb5 60. Kc3 Kc5 61. Kd3 Kb4 62. Kc2 Kc4 63. Kc1 Kb3 64. Kb1 Kb4 65. Ka2 Ka4 66. b3+ Kb4 67. Kb2 Kb5 68. Kc3 Kc5 69. b4+ Kb5 70. Kb3 Kb6 71. Kc4 Kc6 72. b5+ Kb6 73. Kb4 Kb7 74. Kc5 Kc7 75. Kc4 Kb6 76. Kb4 Kb7 77. Ka5 Ka7 78. Ka4 Kb6 79. Kb4 1/2-1/2


[Site "https://www.chess.com"]

[Event "Titled Tuesday Blitz July 11 Late 2023"]
[White "Jaracz, Pawel"]
[Black "Bettalli, Francesco"]
[WhiteFideId "1102222"]
[BlackFideId "2816453"]
[WhiteElo "2708"]
[BlackElo "2488"]
[Result "1-0"]
[Round "3"]
[TimeControl "180+2"]
[Date "2023.07.11"]
[WhiteClock "0:00:56"]
[BlackClock "0:01:48"]
[Board "72"]

1. d4 g6 2. e4 Bg7 3. Nc3 c6 4. f4 d5 5. e5 h5 6. Nf3 Nh6 7. Be3 Qb6 8. Na4 Qa5+ 9. c3 Bg4 10. Nc5 Qb6 11. b4 Nd7 12. Bd3 Nf8 13. h3 Bxf3 14. Qxf3 Nf5 15. Bf2 Ne6 16. g4 hxg4 17. hxg4 Rxh1+ 18. Qxh1 Nh6 19. Qf3 Nxc5 20. dxc5 Qc7 21. O-O-O Qd7 22. Rg1 O-O-O 23. Bd4 e6 24. f5 exf5 25. gxf5 Re8 26. fxg6 Bxe5 27. gxf7 Nxf7 28. Bf5 Bxd4 29. Bxd7+ Kxd7 30. Qxf7+ Re7 31. Qf5+ 1-0


[Site "https://www.chess.com"]

[Event "Titled Tuesday Blitz July 11 Late 2023"]
[White "Mindhunter08"]
[Black "Weetik, Vjacheslav"]
[BlackFideId "4153472"]
[WhiteElo "2487"]
[BlackElo "2704"]
[Result "1-0"]
[Round "3"]
[TimeControl "180+2"]
[Date "2023.07.11"]
[WhiteClock "0:00:05"]
[BlackClock "0:00:09"]
[Board "73"]

1. e4 e6 2. d4 d5 3. Nc3 dxe4 4. Nxe4 Nd7 5. Nf3 Ngf6 6. Nxf6+ Nxf6 7. Ne5 Bd6 8. Be2 O-O 9. O-O c5 10. Bf3 Qc7 11. Re1 Rd8 12. c3 cxd4 13. cxd4 Bb4 14. Rf1 Rb8 15. Bf4 Bd6 16. Rc1 Qe7 17. Qb3 Bd7 18. Rfe1 Bc6 19. Bg5 h6 20. Bh4 g5 21. Bg3 Bxf3 22. Qxf3 Nd5 23. Qh5 Kg7 24. h4 Rbc8 25. Rxc8 Rxc8 26. hxg5 hxg5 27. Qg4 f5 28. Qh5 Qf6 29. Nd7 Qf7 30. Qxf7+ Kxf7 31. Bxd6 Rd8 32. Ne5+ Kf6 33. Bc5 b6 34. Ba3 Nf4 35. Nc6 Rd5 36. Nxa7 Nd3 37. Rd1 Nf4 38. Nc6 Ne2+ 39. Kf1 Nf4 40. g3 g4 41. gxf4 g3 42. fxg3 1-0


[Site "https://www.chess.com"]

[Event "Titled Tuesday Blitz July 11 Late 2023"]
[White "Goryachkina, Aleksandra"]
[Black "Ladan, Nicholas"]
[WhiteFideId "4147103"]
[BlackFideId "30918855"]
[WhiteElo "2677"]
[BlackElo "2487"]
[Result "1-0"]
[Round "3"]
[TimeControl "180+2"]
[Date "2023.07.11"]
[WhiteClock "0:02:06"]
[BlackClock "0:00:38"]
[Board "74"]

1. e4 b6 2. d4 Bb7 3. Nd2 Nf6 4. Bd3 e6 5. Ngf3 c5 6. c3 Nc6 7. O-O cxd4 8. cxd4 d5 9. e5 Nb4 10. Bb1 Ne4 11. Re1 Nxd2 12. Bxd2 a5 13. Ng5 Be7 14. Qh5 Bxg5 15. Bxg5 Qd7 16. a3 Nc6 17. Qg4 h6 18. Be3 O-O 19. Bxh6 f5 20. exf6 Rxf6 21. Bg5 Rff8 22. Qh4 Ne7 23. Bxe7 1-0


[Site "https://www.chess.com"]

[Event "Titled Tuesday Blitz July 11 Late 2023"]
[White "benny_aizenberg"]
[Black "Djabri, Massinas"]
[BlackFideId "7905726"]
[WhiteElo "2635"]
[BlackElo "2479"]
[Result "1-0"]
[Round "3"]
[TimeControl "180+2"]
[Date "2023.07.11"]
[WhiteClock "0:02:29"]
[BlackClock "0:02:23"]
[Board "75"]

1. f4 d5 2. Nf3 c5 3. g3 Nc6 4. Bg2 f5 5. O-O Nf6 6. d3 b6 7. c3 Bb7 8. Nbd2 g6 9. Qe1 Bg7 10. e4 dxe4 11. dxe4 fxe4 12. Ng5 O-O 13. Ne6 Qd6 14. Nxf8 Rxf8 15. Nxe4 Nxe4 16. Qxe4 Na5 17. Qe2 Bc8 18. Be3 Bf5 19. Rad1 Qc7 20. b4 cxb4 21. cxb4 Nc4 22. Bd5+ 1-0


[Site "https://www.chess.com"]

[Event "Titled Tuesday Blitz July 11 Late 2023"]
[White "Sliwicki, Damian"]
[Black "Fantinel, Thibault"]
[WhiteFideId "1127128"]
[BlackFideId "663395"]
[WhiteElo "2474"]
[BlackElo "2629"]
[Result "0-1"]
[Round "3"]
[TimeControl "180+2"]
[Date "2023.07.11"]
[WhiteClock "0:00:00"]
[BlackClock "0:01:05"]
[Board "76"]

1. e4 c5 2. Nf3 e6 3. d4 cxd4 4. Nxd4 Nf6 5. Nc3 Nc6 6. g3 Bb4 7. Bg2 O-O 8. O-O d6 9. Nxc6 bxc6 10. e5 Nd5 11. Nxd5 cxd5 12. a3 Bc5 13. b4 Bb6 14. exd6 Qxd6 15. c4 Qe5 16. Bf4 Qf6 17. cxd5 exd5 18. Qxd5 Be6 19. Qxa8 Rxa8 20. Bxa8 h6 21. Be4 g5 22. Be3 Bxe3 23. fxe3 Qe5 24. Bf3 Qxe3+ 25. Kg2 g4 26. Ba8 h5 27. Rae1 Qxa3 28. Rf4 h4 29. gxh4 Qh3+ 30. Kh1 Qxh4 31. Re2 Qg5 32. Ref2 a5 33. bxa5 Qxa5 34. Be4 Kg7 35. Bf5 Bd5+ 36. Kg1 Bf3 37. h3 Qe1+ 0-1


[Site "https://www.chess.com"]

[Event "Titled Tuesday Blitz July 11 Late 2023"]
[White "Ozdemir, Serhan Berat"]
[Black "Yurasova, Daria"]
[WhiteFideId "6374611"]
[BlackFideId "34146919"]
[WhiteElo "2623"]
[BlackElo "2473"]
[Result "0-1"]
[Round "3"]
[TimeControl "180+2"]
[Date "2023.07.11"]
[WhiteClock "0:00:07"]
[BlackClock "0:01:01"]
[Board "77"]

1. e4 e5 2. Nf3 Nc6 3. d4 exd4 4. Bc4 Nf6 5. e5 d5 6. Bb5 Ne4 7. Nxd4 Bd7 8. Bxc6 bxc6 9. O-O Be7 10. f3 Nc5 11. f4 O-O 12. Be3 Ne4 13. Nd2 c5 14. N4f3 Bc6 15. Nxe4 dxe4 16. Nd2 Qd7 17. f5 f6 18. e6 Qe8 19. Qg4 Kh8 20. Nxe4 Bxe4 21. Qxe4 Rd8 22. Rad1 Qb5 23. b3 Rd6 24. Bf4 Rxd1 25. Rxd1 c4 26. bxc4 Qb6+ 27. Be3 Bc5 28. Bxc5 Qxc5+ 29. Qd4 Qe7 30. Qd7 Qc5+ 31. Kh1 Qe5 32. e7 Rg8 33. Qd8 Qe2 34. h3 h5 35. Qd7 Kh7 36. Qe6 Qxd1+ 37. Kh2 Qd6+ 38. Qxd6 cxd6 39. Kg3 Re8 40. Kf3 Rxe7 41. g4 hxg4+ 42. hxg4 Rc7 43. Ke3 Rxc4 0-1


[Site "https://www.chess.com"]

[Event "Titled Tuesday Blitz July 11 Late 2023"]
[White "Fiorito, Joaquin"]
[Black "Luong Phuong Hanh"]
[WhiteFideId "180173"]
[BlackFideId "12401013"]
[WhiteElo "2618"]
[BlackElo "2473"]
[Result "1-0"]
[Round "3"]
[TimeControl "180+2"]
[Date "2023.07.11"]
[WhiteClock "0:01:13"]
[BlackClock "0:00:10"]
[Board "78"]

1. d4 Nf6 2. c4 g6 3. Nc3 d5 4. Nf3 Bg7 5. h4 h6 6. cxd5 Nxd5 7. e4 Nxc3 8. bxc3 c5 9. Be2 Nc6 10. Be3 Bg4 11. d5 Bxf3 12. Bxf3 Bxc3+ 13. Kf1 Nd4 14. Rc1 Qa5 15. Qd3 Bb2 16. Rb1 Qxa2 17. Bd1 Qa3 18. Qxa3 Bxa3 19. Rxb7 Kf8 20. g3 h5 21. Kg2 Kg7 22. Ba4 Kf8 23. Ra1 Bb4 24. Bxd4 cxd4 25. Rxb4 Kg7 26. Rxd4 Kf6 27. Bc6 Rab8 28. Rd2 Rb4 29. Kf3 Rhb8 30. Rxa7 Rb3+ 31. Kf4 R8b4 32. Ra6 Kg7 33. d6 f5 34. dxe7 fxe4 35. e8=Q e3+ 36. Ke5 exd2 37. Qe7+ Kh6 38. Qd8 Rb8 39. Qxd2+ Kh7 40. Ra7+ 1-0


[Site "https://www.chess.com"]

[Event "Titled Tuesday Blitz July 11 Late 2023"]
[White "profedechess93"]
[Black "Estrada Nieto, Julian"]
[BlackFideId "5101018"]
[WhiteElo "2617"]
[BlackElo "2470"]
[Result "1-0"]
[Round "3"]
[TimeControl "180+2"]
[Date "2023.07.11"]
[WhiteClock "0:00:15"]
[BlackClock "0:00:00"]
[Board "79"]

1. e4 e5 2. Nf3 Nc6 3. Bc4 Bc5 4. b4 Bb6 5. c3 Nf6 6. d3 d6 7. a4 a6 8. a5 Ba7 9. Qb3 O-O 10. Bg5 h6 11. Bh4 g5 12. Nxg5 hxg5 13. Bxg5 Kg7 14. h4 Ne7 15. Nd2 c6 16. Qc2 d5 17. Bb3 Ng4 18. d4 f6 19. Be3 Nxe3 20. fxe3 Bg4 21. Nf3 Qd6 22. O-O-O Rad8 23. h5 Rh8 24. Rdf1 Rh6 25. Nh4 exd4 26. exd4 Qg3 27. e5 Rf8 28. Qd2 Kh8 29. Qxh6+ Kg8 30. Bc2 f5 31. Qg5+ Kf7 32. Nxf5 Nxf5 33. Rxf5+ Ke8 34. Rxf8+ Kxf8 35. Qf6+ Ke8 36. Bg6+ Kd7 37. Qd6+ Kc8 38. Qf8+ Kd7 39. Qg7+ Kc8 40. Bf5+ Bxf5 41. Qxg3 Bb8 42. h6 Bh7 43. Qg7 1-0


[Site "https://www.chess.com"]

[Event "Titled Tuesday Blitz July 11 Late 2023"]
[White "Rubio Tent, Francisco"]
[Black "Weishaeutel, Moritz"]
[WhiteFideId "2238233"]
[BlackFideId "12967300"]
[WhiteElo "2465"]
[BlackElo "2613"]
[Result "0-1"]
[Round "3"]
[TimeControl "180+2"]
[Date "2023.07.11"]
[WhiteClock "0:00:28"]
[BlackClock "0:01:38"]
[Board "80"]

1. e4 e5 2. Nf3 Nf6 3. Nxe5 Nxe4 4. Qe2 Qe7 5. Qxe4 d6 6. d4 dxe5 7. dxe5 Nc6 8. Bf4 g5 9. Bg3 f5 10. Qa4 f4 11. Bxf4 gxf4 12. Qxf4 Qxe5+ 13. Qxe5+ Nxe5 14. Be2 Bf5 15. O-O Bxc2 16. Nc3 O-O-O 17. Rac1 Bd3 18. Rfe1 Bxe2 19. Rxe2 Nd3 20. Rcc2 Bg7 21. g3 Rhe8 22. Rxe8 Rxe8 23. Nb5 Re1+ 24. Kg2 Rc1 25. Re2 a6 26. Re7 axb5 27. Rxg7 Rc2 28. Rxh7 Rxf2+ 29. Kh3 Rxb2 30. g4 Rxa2 31. g5 b4 32. Kg4 b3 33. g6 Ne5+ 34. Kf5 Nxg6 35. Ke6 Nf8+ 0-1


[Site "https://www.chess.com"]

[Event "Titled Tuesday Blitz July 11 Late 2023"]
[White "Baches Garcia, Guillermo"]
[Black "Ambartsumova, Karina"]
[WhiteFideId "2209764"]
[BlackFideId "4166299"]
[WhiteElo "2461"]
[BlackElo "2612"]
[Result "1/2-1/2"]
[Round "3"]
[TimeControl "180+2"]
[Date "2023.07.11"]
[WhiteClock "0:00:44"]
[BlackClock "0:00:19"]
[Board "81"]

1. e4 e5 2. Nf3 Nc6 3. Nc3 Nf6 4. d4 exd4 5. Nxd4 Bb4 6. Nxc6 bxc6 7. Bd3 O-O 8. O-O d5 9. Bd2 Bg4 10. Qc1 Bxc3 11. Bxc3 Nxe4 12. Bxe4 dxe4 13. Qf4 Qd7 14. Qxe4 Bf5 15. Qe5 f6 16. Qg3 Bxc2 17. Rfe1 Rad8 18. h4 Bg6 19. Re3 Rfe8 20. Rae1 Rxe3 21. Qxe3 Re8 22. Qxa7 Rxe1+ 23. Bxe1 Qd1 24. Qb8+ Kf7 25. Qxc7+ Kg8 26. Qa5 Be4 27. f3 Bd5 28. Qd8+ Kf7 29. Qd7+ Kg6 30. Qg4+ Kf7 31. Qd7+ Kg6 32. Qg4+ Kf7 33. Qd7+ 1/2-1/2


[Site "https://www.chess.com"]

[Event "Titled Tuesday Blitz July 11 Late 2023"]
[White "whiteglovethief"]
[Black "Piesik, Piotr"]
[BlackFideId "1136194"]
[WhiteElo "2457"]
[BlackElo "2606"]
[Result "0-1"]
[Round "3"]
[TimeControl "180+2"]
[Date "2023.07.11"]
[WhiteClock "0:00:10"]
[BlackClock "0:00:17"]
[Board "82"]

1. d4 c5 2. dxc5 e6 3. Nc3 Bxc5 4. e4 Nc6 5. Bd3 a6 6. Nf3 d6 7. O-O b5 8. Qe2 Qc7 9. Bf4 Ne5 10. Bg3 Nf6 11. Nd2 O-O 12. Kh1 b4 13. Na4 Bd4 14. Nb3 Ba7 15. f4 Nxd3 16. cxd3 Bd7 17. Rac1 Qb7 18. e5 Nd5 19. Nc3 bxc3 20. bxc3 dxe5 21. fxe5 Ne3 22. Rf3 Nf5 23. Bf4 Bc6 24. Rh3 Rfd8 25. d4 Bb6 26. Rb1 Qd7 27. Qh5 h6 28. Nd2 Qd5 29. Rg1 Ba5 30. Nf1 Qe4 31. Bd2 Bb5 32. Ng3 Nxg3+ 33. Rxg3 Kf8 34. Bxh6 gxh6 35. Qxh6+ Ke8 36. Qf6 Qf5 37. Qh4 Kd7 38. Rf3 Rh8 39. Qf2 Rxh2+ 40. Kxh2 Rh8+ 41. Kg3 Qg5# 0-1


[Site "https://www.chess.com"]

[Event "Titled Tuesday Blitz July 11 Late 2023"]
[White "Ganiev, Roman"]
[Black "KorolDimitriy75"]
[WhiteFideId "4131452"]
[WhiteElo "2604"]
[BlackElo "2460"]
[Result "1-0"]
[Round "3"]
[TimeControl "180+2"]
[Date "2023.07.11"]
[WhiteClock "0:01:39"]
[BlackClock "0:00:07"]
[Board "83"]

1. e4 c5 2. Nf3 d6 3. d4 cxd4 4. Nxd4 Nf6 5. Nc3 g6 6. Be2 Bg7 7. O-O O-O 8. Be3 Nc6 9. Qd2 d5 10. exd5 Nb4 11. Bf3 Nbxd5 12. Nxd5 Nxd5 13. Bh6 e5 14. Bxg7 Kxg7 15. Bxd5 exd4 16. Qxd4+ Kg8 17. Rad1 Qa5 18. Bb3 Bf5 19. Qd5 Qb6 20. Qd6 Qa5 21. Rd5 Rfd8 22. Qxg6+ hxg6 23. Rxa5 Rd2 24. Rc5 a5 25. a4 Rc8 26. Rxc8+ Bxc8 27. h3 Be6 28. Bxe6 fxe6 29. Rc1 Kf7 30. Kf1 Ke7 31. Ke1 Rd4 32. b3 Re4+ 33. Kf1 Rd4 34. Ke2 Re4+ 35. Kd3 Re5 36. f4 Rd5+ 37. Ke3 e5 38. fxe5 Rxe5+ 39. Kf3 Rd5 40. Re1+ Kf6 41. Re4 Rd2 42. Rc4 g5 43. g3 Rh2 44. Kg4 Rg2 45. Rc5 b6 46. Rf5+ Ke6 47. Rxg5 Rxc2 48. Rg6+ Kd5 49. Rxb6 Kc5 50. Rb5+ Kc6 51. Rxa5 Rc3 52. Rb5 1-0


[Site "https://www.chess.com"]

[Event "Titled Tuesday Blitz July 11 Late 2023"]
[White "Le Goff, Ronan"]
[Black "Chen, Justin"]
[WhiteFideId "612073"]
[BlackFideId "2098199"]
[WhiteElo "2453"]
[BlackElo "2603"]
[Result "0-1"]
[Round "3"]
[TimeControl "180+2"]
[Date "2023.07.11"]
[WhiteClock "0:01:01"]
[BlackClock "0:00:29"]
[Board "84"]

1. d4 Nf6 2. c4 e6 3. Nf3 d5 4. Nc3 Bb4 5. cxd5 exd5 6. Bd2 O-O 7. Rc1 c6 8. e3 Bf5 9. Be2 Nbd7 10. O-O Re8 11. Qb3 Bxc3 12. bxc3 b5 13. Rfd1 Ne4 14. Be1 Nb6 15. Nd2 Nd6 16. Qb2 Qf6 17. Nb3 Qg6 18. Nc5 Nbc4 19. Qa1 Ne4 20. Bf1 Nxc5 21. dxc5 h5 22. Rd4 Ne5 23. a4 Nf3+ 24. Kh1 Nxd4 25. cxd4 a6 26. Ba5 Bd3 27. Qc3 Bxf1 28. Rxf1 Qe4 29. h3 f5 30. Bc7 Re7 31. Bd6 Rb7 32. Ra1 a5 33. axb5 Rxb5 34. Kh2 a4 35. Ra3 Qb1 36. e4 Rb3 37. Rxb3 Qxb3 38. Qc1 dxe4 39. Qg5 a3 40. Be5 Qf7 41. d5 cxd5 42. Ba1 a2 43. c6 Kh7 44. Qg3 Rc8 45. Qc3 d4 46. Qxd4 Rxc6 47. g3 Rc1 0-1


[Site "https://www.chess.com"]

[Event "Titled Tuesday Blitz July 11 Late 2023"]
[White "Mujumdar, Sameer"]
[Black "HamedWafa4"]
[WhiteFideId "2029707"]
[WhiteElo "2452"]
[BlackElo "2597"]
[Result "1-0"]
[Round "3"]
[TimeControl "180+2"]
[Date "2023.07.11"]
[WhiteClock "0:00:07"]
[BlackClock "0:00:41"]
[Board "85"]

1. d4 Nf6 2. Nf3 b6 3. Bf4 Bb7 4. e3 g6 5. Bd3 Bg7 6. Nbd2 O-O 7. Qe2 c5 8. O-O d6 9. c3 Nbd7 10. a4 Nh5 11. Bg5 h6 12. Bh4 a6 13. b4 cxb4 14. cxb4 Ndf6 15. Rfc1 Nd5 16. Rab1 a5 17. bxa5 Rxa5 18. Bb5 g5 19. Bg3 Nxg3 20. hxg3 Qa8 21. Nc4 Ra7 22. e4 Nf6 23. Nxb6 Qd8 24. Nd5 Nxd5 25. exd5 Ra5 26. Bc6 Ba6 27. Qc2 Qc7 28. Qe4 Bf6 29. Bb5 Qa7 30. Bc6 Bc8 31. Bb5 Bd7 32. Bd3 Rb8 33. Qh7+ Kf8 34. Qxh6+ Bg7 35. Qxg5 Rxb1 36. Rxb1 Rxa4 37. Bb5 Ra1 38. Bd3 Rxb1+ 39. Bxb1 Qa1 40. Qc1 Bxd4 41. Nxd4 Qxd4 42. Qh6+ Qg7 43. Qc1 Qe5 44. Qc7 Bg4 45. Kh2 Qh5+ 46. Kg1 Qxd5 47. Qd8+ Kg7 48. Qb8 Bf5 49. Qb2+ f6 50. Bxf5 Qe5 51. Qxe5 fxe5 52. Bc2 Kf6 53. Kf1 e6 54. Ke2 d5 55. f3 Kg5 56. Ke3 Kf6 57. Bb3 Kf5 58. f4 e4 59. Bd1 Kf6 60. Kd4 Kf5 61. Be2 Kf6 62. g4 Kf7 63. g5 Kg6 64. Bg4 Kf7 65. Ke5 Ke7 66. Bxe6 d4 67. Kxd4 Kxe6 68. Kxe4 1-0


[Site "https://www.chess.com"]

[Event "Titled Tuesday Blitz July 11 Late 2023"]
[White "Zavgorodniy, Sergiy"]
[Black "Jimenez Ruano, Adrian"]
[WhiteFideId "14110148"]
[BlackFideId "22276050"]
[WhiteElo "2593"]
[BlackElo "2446"]
[Result "1-0"]
[Round "3"]
[TimeControl "180+2"]
[Date "2023.07.11"]
[WhiteClock "0:01:32"]
[BlackClock "0:00:00"]
[Board "86"]

1. d4 Nf6 2. c4 g6 3. Nc3 d5 4. cxd5 Nxd5 5. e4 Nxc3 6. bxc3 Bg7 7. Nf3 c5 8. Be3 Nc6 9. Qd2 O-O 10. Rc1 Qc7 11. d5 Na5 12. c4 f5 13. exf5 Bxf5 14. Bd3 Bg4 15. Ng5 b6 16. h3 Bd7 17. O-O Nb7 18. Qe2 Be5 19. Nxh7 Kxh7 20. Qh5+ Kg8 21. Bxg6 Rf4 22. Qh7+ Kf8 23. Bxf4 1-0


[Site "https://www.chess.com"]

[Event "Titled Tuesday Blitz July 11 Late 2023"]
[White "NLLO777"]
[Black "Matt, Fabian"]
[BlackFideId "1623303"]
[WhiteElo "2587"]
[BlackElo "2445"]
[Result "1-0"]
[Round "3"]
[TimeControl "180+2"]
[Date "2023.07.11"]
[WhiteClock "0:00:21"]
[BlackClock "0:00:10"]
[Board "87"]

1. d4 Nf6 2. c4 e6 3. Nf3 d5 4. g3 Be7 5. Bg2 O-O 6. O-O c6 7. Nbd2 Nbd7 8. Qc2 b6 9. e4 Bb7 10. cxd5 cxd5 11. e5 Ne8 12. Nb1 Rc8 13. Nc3 g6 14. h4 Ng7 15. a4 Nb8 16. Bh6 Nc6 17. Rfc1 Re8 18. Qd2 Nf5 19. Bg5 h5 20. Bh3 Bxg5 21. hxg5 Ng7 22. Nb5 Re7 23. Nd6 Na5 24. Nxc8 Bxc8 25. Qb4 Ba6 26. Bf1 Bxf1 27. Kxf1 Nf5 28. Rc3 Qd7 29. Rac1 Kg7 30. Nh4 Nxh4 31. gxh4 Qb7 32. b3 Qd7 33. Ke2 Qb7 34. Ke3 Qd7 35. R1c2 Nb7 36. Qb5 Qxb5 37. axb5 Na5 38. Rc7 Re8 39. R2c3 Ra8 40. Re7 Kf8 41. Rcc7 a6 42. Rxf7+ Kg8 43. Rg7+ Kh8 44. Rh7+ Kg8 45. Rcg7+ Kf8 46. Rxg6 axb5 47. Rh8+ Kf7 48. Rf6+ 1-0


[Site "https://www.chess.com"]

[Event "Titled Tuesday Blitz July 11 Late 2023"]
[White "Sztokbant, Bernardo Vainzoff"]
[Black "Janturin, Artur"]
[WhiteFideId "2115956"]
[BlackFideId "4130022"]
[WhiteElo "2441"]
[BlackElo "2583"]
[Result "0-1"]
[Round "3"]
[TimeControl "180+2"]
[Date "2023.07.11"]
[WhiteClock "0:00:00"]
[BlackClock "0:00:09"]
[Board "88"]

1. b3 a5 2. a4 d5 3. e3 Nf6 4. Bb2 Bf5 5. Nf3 e6 6. Na3 h6 7. Be2 Be7 8. O-O O-O 9. Nb5 c6 10. Nbd4 Bh7 11. Ne5 Nbd7 12. Nxd7 Nxd7 13. f4 Bf6 14. Qc1 Qc7 15. Nf3 Bxb2 16. Qxb2 Rae8 17. c4 Nc5 18. Rac1 Qb6 19. Qd4 Nd7 20. cxd5 exd5 21. Rc3 Qxd4 22. Nxd4 Nf6 23. Bf3 Be4 24. Rc5 Ra8 25. Rfc1 Nd7 26. R5c3 Bh7 27. Kf2 Rfe8 28. g4 Be4 29. Be2 g5 30. Kg3 Kg7 31. Rf1 c5 32. Nb5 Re6 33. Nc7 Rae8 34. Nxe8+ Rxe8 35. Bb5 Re7 36. Bxd7 Rxd7 37. Rxc5 d4 38. fxg5 dxe3 39. gxh6+ Kxh6 40. dxe3 Rd3 41. Rxa5 Rxb3 42. Rb5 Ra3 43. Rxf7 Bc6 44. Rh5+ Kg6 45. Rf4 Rxe3+ 46. Kf2 Ra3 47. a5 Ra2+ 48. Ke3 Ra3+ 49. Kf2 Ra2+ 50. Kg3 Ra3+ 51. Kh4 Bg2 52. Rg5+ Kh7 53. Rf7+ Kh6 54. Rh5+ Kg6 55. Rg5+ Kxf7 56. Rf5+ Kg6 57. Rg5+ Kf6 58. Rf5+ Ke6 59. Kg5 Be4 60. Rf6+ Ke7 61. Kf4 Bc6 62. g5 Rxa5 63. h4 Ra4+ 64. Kg3 Ra3+ 65. Kg4 Ra4+ 66. Kg3 Be8 67. Rb6 Bc6 68. h5 Ra5 69. Kf4 Kf7 70. g6+ Kf6 71. Rb4 Rxh5 72. Kg4 Rg5+ 73. Kh4 Rxg6 74. Rb6 Rg7 75. Kh5 Rh7+ 76. Kg4 Rd7 77. Kf4 Ke7 78. Ke5 Kd8 79. Rb2 Kc7 80. Rh2 Rd5+ 81. Kf4 Rd7 82. Rh8 b5 83. Ke5 Re7+ 84. Kd4 Re4+ 85. Kc3 Rc4+ 86. Kb3 Kb6 87. Rb8+ Kc5 88. Rh8 Rg4 89. Rh5+ Bd5+ 90. Kb2 b4 91. Rh8 Rg2+ 92. Kc1 b3 0-1


[Site "https://www.chess.com"]